 Dungeon Crawl Stone Soup version 0.30-a0-1066-g63dfefce0d (webtiles) character file.

Game seed: 1140146148011000702

158 hwolsky the Conjurer (level 5, 0/38 HPs)
             Began as a Draconian Conjurer on Apr 12, 2023.
             Was a Follower of Kikubaaqudgha.
             Slain by Pikel
             ... wielding a +1 whip of flaming
              (4 damage)
             ... on level 4 of the Dungeon.
             The game lasted 00:12:59 (3399 turns).

hwolsky the Conjurer (Draconian Conjurer)           Turns: 3399, Time: 00:13:01

Health: 0/38       AC:  5    Str: 12    XL:     5   Next: 16%
Magic:  9/9        EV: 12    Int: 18    God:    Kikubaaqudgha [*.....]
Gold:   220        SH:  0    Dex:  9    Spells: 3/9 levels left

rFire   . . .      SeeInvis .    j - +1 dagger (freeze)
rCold   + . .      Faith    .    (no shield)
rNeg    . . .      Spirit   .    (body armour unavailable)
rPois   .          Reflect  .    (helmet restricted)
rElec   .          Rampage  .    (no cloak)
rCorr   .                        (no gloves)
Will    .....                    (no boots)
Stlth   ++                       (no amulet)
HPRegen 0.26/turn                h - ring of protection from cold
MPRegen 0.11/turn                f - ring of flight

@: flying
A: AC +5, unfitting armour, cold-blooded
a: Renounce Religion, Unearth Wretches


You were on level 4 of the Dungeon.
You worshipped Kikubaaqudgha.
Kikubaaqudgha was aware of your devotion.
You visited 1 branch of the dungeon, and saw 4 of its levels.

You collected 220 gold pieces.

Inventory:

Hand Weapons
 b - a +0 short sword
 j - a +1 dagger of freezing (weapon)
Jewellery
 f - a ring of flight (right hand)
 h - a ring of protection from cold (left hand)
Wands
 n - a wand of roots (7)
Scrolls
 g - a scroll of fear
 k - 3 scrolls of teleportation
Potions
 a - a potion of degeneration {unknown}
 c - 3 potions of brilliance {unknown}
 d - 3 potions of haste
 e - 2 potions of heal wounds {unknown}
 i - a potion of curing {unknown}
 l - a potion of lignification {unknown}
 m - a potion of flight {unknown}
 o - a potion of might {unknown}
 p - a potion of mutation {unknown}
 q - a potion of cancellation {unknown}


   Skills:
 * Level 2.2 Short Blades
 + Level 2.6 Dodging
 - Level 2.1 Stealth
 + Level 2.8 Spellcasting
 * Level 4.8 Conjurations


You had 3 spell levels left.
You knew the following spells:

 Your Spells              Type           Power      Damage    Failure   Level
a - Magic Dart            Conj           80%        1d7       2%          1
b - Searing Ray           Conj           40%        2d5       3%          2
c - Wereblood             Tmut           2%         N/A       26%         2
d - Necrotise             Necr           8%         1d4       17%         1

Your spell library contained the following spells:

 Spells                   Type           Power      Damage    Failure   Level
 Beastly Appendage        Tmut           4%         N/A       17%         1
 Dazzling Flash           Conj/Hex       22%        N/A       19%         3
 Cigotuvi's Dreadful Rot  Necr/Pois/Air  4%         N/A       26%         2
 Sublimation of Blood     Necr           2%         N/A       26%         2
 Spider Form              Tmut/Pois      2%         N/A       45%         3
 Fulminant Prism          Conj/Hex       5%         3d6       52%         4
 Iskenderun's Mystic Bla  Conj/Tloc      11%        2d4       52%         4
 Animate Dead             Necr           2%         N/A       86%         4


Dungeon Overview and Level Annotations

Branches:
Dungeon (4/15)
 Temple: D:4-7

Altars:
Kikubaaqudgha

Shops:
D:2 [   D:3 =

Annotations:
D:4 Pikel


Innate Abilities, Weirdness & Mutations

Your plain brown scales are hard. (AC +5)
You cannot fit into any form of body armour.
You are cold-blooded and may be slowed by cold attacks.


Message History

You hit Pikel. You freeze Pikel.
Pikel is lightly wounded.
Pikel hits you with a +1 whip of flaming!
Pikel burns you.
You closely miss Pikel.
Your tail-slap misses Pikel.
Pikel is lightly wounded.
Pikel hits you with a +1 whip of flaming.
Pikel burns you.
You hit Pikel but do no damage.
Pikel is lightly wounded.
Pikel hits you but does no damage.
You closely miss Pikel.
Pikel is lightly wounded.
Pikel closely misses you.
You barely miss Pikel. You tail-slap Pikel.
Pikel is lightly wounded.
Pikel closely misses you.
You hit Pikel but do no damage.
Pikel is lightly wounded.
Pikel misses you.
The lemure shouts!
You hit Pikel. You freeze Pikel.
Pikel is lightly wounded.
Pikel hits you with a +1 whip of flaming.
Pikel burns you.
A lemure comes into view.
The lemure shouts!
You hit Pikel but do no damage.
Pikel is lightly wounded.
You hear a shout!
Pikel says, "You'll make a fine lemure."
Pikel hits you with a +1 whip of flaming.
Pikel burns you.
You hit Pikel but do no damage.
Your tail-slap misses Pikel.
Pikel is lightly wounded.
Pikel hits you with a +1 whip of flaming!
* * * LOW HITPOINT WARNING * * *
Pikel burns you.
You die...
Kikubaaqudgha rasps: "You have failed me!
Welcome... death!"

####. ### .....
55# ####### #5#
########~.~.~###K#
.....##.~P~P..##@#
##.###~~~.~~..b#.#
...#############.#
##...............#
#################
#.~~~~.~~l#
##.~~~.~.##
##~~...## #######


You could see Pikel and 3 lemures.

Vanquished Creatures
  4 gnolls (D:3)
  4 adders
  A worm (D:2)
  A dart slug (D:2)
  4 orcs (D:3)
  9 bats
  3 endoplasms (D:1)
  3 giant cockroaches
  6 goblins
  7 hobgoblins
  3 jackals (D:1)
  6 quokkas
  9 ball pythons
  2 frilled lizards (D:2)
  5 kobolds
  6 rats
73 creatures vanquished.

Vanquished Creatures (others)
  6 fungi (D:4)
6 creatures vanquished.

Grand Total: 79 creatures vanquished

Notes
Turn   | Place    | Note
-------+----------+-------------------------------------------
     0 | D:1      | hwolsky the Draconian Conjurer began the quest for the Orb.
     0 | D:1      | Reached XP level 1. HP: 14/14 MP: 3/3
   187 | D:1      | Reached XP level 2. HP: 20/20 MP: 3/5
   253 | D:1      | Learned a level 2 spell: Searing Ray
   256 | D:1      | Learned a level 2 spell: Wereblood
   970 | D:1      | Reached XP level 3. HP: 18/26 MP: 6/6
  1228 | D:2      | Reached skill level 1 in Short Blades
  1445 | D:2      | Noticed an eye of devastation
  1458 | D:2      | Found a faded altar of an unknown god.
  1470 | D:2      | Noticed a golden eye
  1471 | D:2      | Noticed a golden eye
  1471 | D:2      | Noticed a golden eye
  1530 | D:2      | Prayed at the altar of an unknown god.
  1530 | D:2      | Became a worshipper of Kikubaaqudgha
  1530 | D:2      | Reached * piety under Kikubaaqudgha
  1530 | D:2      | Received a gift from Kikubaaqudgha
  1533 | D:2      | Learned a level 1 spell: Necrotise
  1606 | D:2      | Reached XP level 4. HP: 33/33 MP: 3/7
  2045 | D:2      | Found Caneyr's Armour Emporium.
  2398 | D:3      | Found Fyzalu Efam's Jewellery Shoppe.
  2830 | D:3      | Reached XP level 5. HP: 11/38 MP: 1/9
  3374 | D:4      | Noticed a lemure
  3375 | D:4      | Noticed a lemure
  3378 | D:4      | Noticed Pikel
  3397 | D:4      | Noticed a lemure
  3399 | D:4      | Slain by Pikel

Illustrated notes

Levels and vault maps discovered:
D:1:      dpeg_arrival_round_b, layout_loops_ring
D:2:      layout_loops_ring, serial_shops, nicolae_shop_stone,
          hellmonk_ecumenical_altar_watching_god, kennysheep_generic_room_15
D:3:      layout_loops_cross, serial_shops, shop, hangedman_decor_lopped,
          dk_noncrumbling_3
D:4:      layout_loops_ring, mainiacjoe_overflow_boulevard, serial_aquarium,
          aquarium_bridge_straight [aquarium_subvault_bridge,
          aquarium_subvault_window, aquarium_subvault_bridge,
          aquarium_subvault_window], aquarium_window_3, aquarium_window_fake,
          aquarium_view_2b, aquarium_view_2d, aquarium_balcony_double_2,
          uniq_natasha, uniq_pikel

Skill      XL: |  1  2  3  4 |
---------------+-------------+-----
Stealth        | 2 |  2.1
Dodging        | 2 |  2.6
Short Blades   | 1 2 |  2.2
Spellcasting   | |  2.8
Conjurations   | |  4.8

Action                     |  1- 3 |  4- 6 || total
---------------------------+-------+-------++-------
  Melee: Short sword       |    37 |       ||    37
         Tailslap          |     7 |     8 ||    15
         Dagger            |    41 |    56 ||    97
         Punch             |     1 |       ||     1
   Cast: Magic Dart        |    64 |    63 ||   127
         Necrotise         |       |     3 ||     3
         Searing Ray       |       |     1 ||     1
    Use: Scroll            |     2 |     3 ||     5
         Potion            |       |     1 ||     1
 Armour: Skin              |    58 |    14 ||    72
  Dodge: Dodged            |   108 |    27 ||   135

Table legend: (Time is in decaauts)
 A = Elapsed time spent in this place.
 B = Non-inter-level travel time spent in this place.
 C = Inter-level travel time spent in this place.
 D = Time resting spent in this place.
 E = Time spent auto-exploring this place.
 F = Levels seen in this place.
 G = Mean time per level.
                   A        B        C        D        E       F      G
               +--------+--------+--------+--------+--------+-----+--------+
         Total |   3390 |   3338 |     52 |    232 |   2482 |   4 |  847.5 |
       Dungeon |   3390 |   3338 |     52 |    232 |   2482 |   4 |  847.5 |
               +--------+--------+--------+--------+--------+-----+--------+

Top non-repeatable levels by time:
     D:3: 1127 daAuts
     D:2: 1111 daAuts
     D:1: 1044 daAuts
     D:4: 106 daAuts
